 Dungeon Crawl Stone Soup version 0.27.1-33-g824d729ab1 (webtiles) character file.

Game seed: 8633566072112660040

189 Roc the Shield-Bearer (level 5, -7/47 HPs)
             Began as a Minotaur Fighter on Dec 13, 2021.
             Killed by nerve-wracking pain
             ... invoked by Grinder
              (12 damage)
             ... on level 3 of the Dungeon on Dec 15, 2021.
             The game lasted 00:17:17 (2845 turns).

Roc the Shield-Bearer (Minotaur Fighter)            Turns: 2845, Time: 00:17:18

Health: -7/47      AC:  7    Str: 22    XL:     5   Next: 40%
Magic:  0/4        EV:  8    Int:  5    God:
Gold:   102        SH: 10    Dex:  9    Spells: 4/4 levels left

rFire    + . .     SeeInvis .   a - +0 war axe
rCold    x . .     Faith    .   c - +0 kite shield
rNeg     . . .     Spirit   +   b - +0 scale mail
rPois    .         Reflect  .   (helmet restricted)
rElec    .         Harm     .   (no cloak)
rCorr    .         Rampage  .   (no gloves)
Will     .....                  (no boots)
Stlth    ..........             p - amulet of guardian spirit
HPRegen  0.15/turn              f - ring of fire
MPRegen  0.09/turn              (no ring)

@: mighty
A: horns 2, retaliatory headbutt
a: no special abilities


You were on level 3 of the Dungeon.
You visited 1 branch of the dungeon, and saw 4 of its levels.

You collected 102 gold pieces.

Inventory:

Hand Weapons
 a - a +0 war axe (weapon)
 g - a +3 hunting sling
Armour
 b - a +0 scale mail (worn)
 c - a +0 kite shield (worn)
Magical Staves
 n - a staff of air
Jewellery
 f - a ring of fire (left hand)
 p - an amulet of guardian spirit (around neck)
Wands
 j - a wand of acid (10)
 k - a wand of iceblast (7)
 m - a wand of digging (5)
Scrolls
 e - a scroll of magic mapping {unknown}
 h - 2 scrolls of teleportation {unknown}
 i - a scroll of brand weapon {unknown}
 l - a scroll of enchant weapon {unknown}
 o - 2 scrolls of vulnerability
 q - a scroll of fog {unknown}
Potions
 d - 2 potions of might


   Skills:
 + Level 4.6 Fighting
 + Level 4.3 Axes
 + Level 4.3 Armour
 + Level 1.2 Dodging
 + Level 0.1 Stealth
 + Level 4.9 Shields


You had 4 spell levels left.
You didn't know any spells.
Your spell library contained the following spells:

 Spells                   Type           Power      Damage    Failure   Level
 Summon Guardian Golem    Hex/Summ       0%         N/A       100%        3
 Orb of Destruction       Conj           0%         N/A       100%        7
 Spellforged Servitor     Conj/Summ      0%         N/A       100%        7


Dungeon Overview and Level Annotations

Branches:
Dungeon (4/15)
 Temple: D:4-7

Altars:

Annotations:
D:3 Grinder


Innate Abilities, Weirdness & Mutations

You have a pair of horns on your head.
You reflexively headbutt those who attack you in melee.


Message History

You slash the goblin!
You kill the goblin!
Grinder comes into view.
Grinder shouts!
Grinder hits you.
You writhe in agony.
You closely miss Grinder. You block Grinder's attack. Grinder gestures at you.
Pain shoots through your body!
You closely miss Grinder. Grinder gestures at you.
You resist with significant effort.
You closely miss Grinder. Grinder closely misses you.
Grinder blinks!
Grinder blinks!
Grinder gestures at you.
You suddenly lose the ability to move!
Grinder gestures at you. Pain shoots through your body!
Grinder hits you but does no damage. x2
You can move again.
You closely miss Grinder. Your headbutt misses Grinder. Grinder hits you.
You writhe in agony.
Grinder hits you!
You hit Grinder. You headbutt Grinder.
Grinder is moderately wounded.
Grinder gestures at you. You resist with significant effort.
You barely miss Grinder.
Grinder is moderately wounded.
Grinder hits you.
* * * LOW HITPOINT WARNING * * *
You writhe in agony.
* * * LOW HITPOINT WARNING * * *
You block Grinder's attack.
You feel very mighty all of a sudden. You block Grinder's attack.
Your scale mail prevents you from hitting Grinder.
Your headbutt misses Grinder.
Grinder is lightly wounded.
Grinder gestures at you. Pain shoots through your body!
You die...

## ... > #.# ##### ... ....# #.#
.##.# ... .##.### #.# .##... #.#
.##.# ########.## ### ....#
#......@..# #.. ###.#
.#.######5.# #.#
###.###..#.........############.#
...................#............#
..)..................############
###.##...######.#.#..............
..................#...#######.[..
###.##.....####.###...#######.###
......................#.......#


You could see Grinder.

Vanquished Creatures
  A phantom (D:3)
  Ijyb (D:3)
  3 adders (D:2)
  A worm (D:2)
  A dart slug (D:1)
  7 ball pythons
  4 endoplasms
  3 giant cockroaches (D:1)
  6 goblins
  5 hobgoblins
  7 kobolds
  4 quokkas
  4 bats
  2 frilled lizards
  6 rats
55 creatures vanquished.

Notes
Turn   | Place    | Note
-------+----------+-------------------------------------------
     0 | D:1      | Roc the Minotaur Fighter began the quest for the Orb.
     0 | D:1      | Reached XP level 1. HP: 19/19 MP: 0/0
    20 | D:1      | Found a faded altar of an unknown god.
   199 | D:1      | Reached XP level 2. HP: 27/27 MP: 1/1
   868 | D:1      | Reached XP level 3. HP: 33/33 MP: 2/2
  1559 | D:3      | Noticed a phantom
  1578 | D:3      | Killed a phantom
  1579 | D:3      | Reached skill level 1 in Dodging
  1579 | D:3      | Reached XP level 4. HP: 9/41 MP: 3/3
  1579 | D:3      | Reached XP level 5. HP: 11/47 MP: 4/4
  1940 | D:3      | Noticed Ijyb
  1953 | D:3      | Killed Ijyb
  2827 | D:3      | Noticed Grinder
  2836 | D:3      | Paralysed by Grinder for 5 turns
  2845 | D:3      | Killed from afar by Grinder

Illustrated notes

Levels and vault maps discovered:
D:1:      onia_arrival_mini_spirals, layout_basic, ebering_ecumenical_altar_webs
D:2:      layout_basic
D:3:      layout_basic, grunt_temple_overflow_gold_and_silver, uniq_grinder,
          uniq_ijyb
D:4:      layout_loops_corners, gup_sewer_entry_spiral, minmay_misc_feat_five,
          serial_bayou_crossing

Skill      XL: |  1  2  3  4  5 |
---------------+----------------+-----
Shields        | 4 |  4.9
Fighting       | 4 |  4.6
Axes           | 3 4 |  4.3
Armour         | 4 |  4.3
Dodging        | 1 |  1.2
Stealth        | |  0.1

Action                   |  1- 3 |  4- 6 || total
-------------------------+-------+-------++-------
Melee: War axe           |    97 |    43 ||   140
       Headbutt          |    14 |     8 ||    22
  Use: Scroll            |       |     1 ||     1
       Potion            |       |     1 ||     1
Armor: Scale mail        |    39 |    10 ||    49
Dodge: Dodged            |    30 |    14 ||    44
Block: Kite shield       |    53 |    26 ||    79
